Map: White Rabbit LE

Players

Choigalaxy

  • Race: Zerg Zerg
  • League: Diamond

인공지능 칸 (아주 쉬움) - Winner!

  • Race: Terran Terran

VOD

Have the link to the VOD?

Description

Time

  • Played on: June 19, 2026, 12:24 p.m.
  • Length: 6:46
Show
View Real Time Build Order
Export as new Build Order

Choigalaxy Zerg 

Build Orders: Hatch First 

Get SALT Encoding   

  12  0:00  Drone  
  13  0:11  Overlord  
  13  0:16  Drone  
  14  0:30  Drone x2  
  16  0:46  Hatchery  
  16  0:49  Drone  
  16  0:53  Drone  
  16  0:56  Drone  
  18  1:07  Extractor  
  17  1:12  Spawning Pool  
  17  1:14  Drone  
  18  1:18  Drone  
  18  1:28  Drone  
  19  1:40  Drone  
  20  1:49  Drone  
  21  1:58  Queen  
  21  1:59  Queen  
  21  2:00  Zergling x4  
  27  2:08  Overlord  
  27  2:21  Hatchery  
  26  2:23  Metabolic Boost  
  26  2:27  Drone  
  26  2:29  Drone  
  28  2:31  Drone  
  28  2:35  Drone  
  30  2:39  Drone  
  31  2:46  Queen  
  33  2:52  Overlord  
  33  2:54  Drone  
  33  2:56  Drone  
  33  2:58  Drone  
  36  3:02  Overlord  
  36  3:10  Queen  
  39  3:12  Drone  
  39  3:14  Drone  
  39  3:16  Drone  
  39  3:19  Drone  
  42  3:20  Drone  
  42  3:26  Queen  
  43  3:29  Drone  
  43  3:31  Drone  
  47  3:34  Zergling x2  
  47  3:35  Zergling x2  
  47  3:36  Zergling x2  
  47  3:38  Zergling x2  
  51  3:45  Queen  
  53  3:49  Overlord  
  53  3:51  Overlord  
  53  3:54  Overlord  
  53  3:59  Queen  
  53  4:01  Drone  
  56  4:04  Drone  
  56  4:08  Queen  
  59  4:12  Overlord  
  59  4:14  Drone  
  60  4:24  Drone x3  
  60  4:25  Drone x4  
  60  4:26  Drone  
  60  4:28  Drone  
  60  4:29  Drone  
  70  4:32  Drone x2  
  70  4:33  Drone  
  70  4:35  Drone  
  74  4:40  Drone  
  74  4:41  Baneling Nest  
  74  4:42  Spore Crawler  
  74  4:45  Spore Crawler  
  72  4:47  Spore Crawler  
  72  4:51  Queen  
  73  4:54  Drone x2  
  73  4:57  Extractor x2  
  73  4:58  Extractor  
  72  5:00  Lair  
  72  5:13  Evolution Chamber  
  71  5:14  Drone x3  
  71  5:15  Drone x4  
  71  5:16  Evolution Chamber, Drone x2  
  71  5:17  Drone  
  71  5:19  Overlord  
  80  5:21  Overlord  
  80  5:24  Overlord  
  80  5:29  Drone x3, Extractor  
  82  5:40  Hatchery  
  82  5:41  Drone  
  82  5:42  Drone  
  83  5:43  Drone  
  83  5:48  Drone x2  
  86  5:50  Drone x2  
  86  5:55  Overlord x2  
  88  6:07  Hydralisk Den  
  88  6:09  Overseer  
  87  6:14  Drone x2  
  87  6:15  Zergling x6  
  87  6:16  Zergling x4  
  87  6:17  Zergling x6  
  97  6:18  Zergling x2  
  97  6:19  Zergling x4  
  97  6:22  Zergling x2  
  101  6:26  Zergling x2  
  101  6:28  Zergling x2  
  109  6:43  Hatchery  
Show
View Real Time Build Order
Export as new Build Order

인공지능 칸 (아주 쉬움) Terran - Winner!

Build Orders:  

Get SALT Encoding   

  12  0:00  SCV  
  13  0:13  SCV  
  14  0:18  Supply Depot  
  14  0:36  Refinery  
  14  0:41  Barracks  
  14  1:03  Supply Depot  
  14  1:11  Refinery  
  14  1:29  SCV, Marine  
  16  1:41  SCV  
  17  1:53  SCV  
  18  1:59  Marine  
  19  2:05  SCV  
  20  2:17  SCV  
  21  2:29  Marine, SCV  
  23  2:42  Orbital Command  
  23  5:39  Marine, SCV  
  23  5:42  Supply Depot  
  25  5:44  Factory  
  25  6:03  SCV  
  26  6:07  Supply Depot  
  26  6:11  Barracks Tech Lab  
  26  6:15  SCV  
  25  6:28  SCV  
  25  6:32  Starport  
Tags
 
Add a new tag
Caveats
  • Supply blocks, unpowered buildings, or Contaminate may cause inaccurate times.
  • Supply counts are checked every 10 seconds.